 Dungeon Crawl Stone Soup version 0.25.0-46-gbd7b0854d2 (webtiles) character file.

Game seed: 433899757417344499

11 DerDa the Magician (level 2, 0/19 HPs)
             Began as a Mummy Wizard on July 17, 2020.
             Slain by a kobold
             ... wielding a +0 whip
              (4 damage)
             ... on level 1 of the Dungeon.
             The game lasted 00:01:42 (584 turns).

DerDa the Magician (Mummy Wizard)                    Turns: 584, Time: 00:01:43

Health: 0/19       AC:  2    Str: 10    XL:     2   Next: 17%
Magic:  6/7        EV: 12    Int: 17    God:
Gold:   21         SH:  0    Dex: 10    Spells: 8/9 levels left

rFire    x . .     SeeInvis .   d - +0 short sword
rCold    + . .     Gourm    .   (no shield)
rNeg     + + +     Faith    .   a - +0 robe
rPois    ∞         Spirit   .   b - +0 hat
rElec    .         Reflect  .   (no cloak)
rCorr    .         Harm     .   (no gloves)
MR       .....                  (no boots)
Stlth    +.........             (no amulet)
HPRegen  0.06/turn              e - ring of attention (curse)
MPRegen  0.10/turn              (no ring)

@: no status effects
A: no food or potions, fire vulnerability, cold resistance 1, negative energy
resistance 3, torment resistance, unbreathing
a: no special abilities


You were on level 1 of the Dungeon.
You were not hungry.

You visited 1 branch of the dungeon, and saw 1 of its levels.

You collected 21 gold pieces.

Inventory:

Hand Weapons
 d - a +0 short sword (weapon)
Armour
 a - a +0 robe (worn)
 b - a +0 hat (worn)
Jewellery
 e - a cursed ring of attention (left hand)
Scrolls
 c - 3 scrolls of random uselessness {unknown}


   Skills:
 - Level 1.5 Dodging
 - Level 1.5 Stealth
 * Level 4.4 Spellcasting
 * Level 1.3 Conjurations
   Level 0.7 Summonings
   Level 0.7 Translocations


You had 8 spell levels left.
You knew the following spells:

 Your Spells              Type           Power        Failure   Level  Hunger
a - Magic Dart            Conj           #...         9%          1    N/A

Your spell library contained the following spells:

 Spells                   Type           Power        Failure   Level  Hunger
 Blink                    Tloc           N/A          17%         2    N/A
 Call Imp                 Summ           #.......     17%         2    N/A
 Slow                     Hex            #.......     22%         2    N/A
 Conjure Flame            Conj/Fire      #.......     34%         3    N/A
 Mephitic Cloud           Conj/Pois/Air  #.......     36%         3    N/A

Dungeon Overview and Level Annotations

Branches:
Dungeon (1/15)

Altars:


Innate Abilities, Weirdness & Mutations

You do not eat or drink.
Your flesh is vulnerable to fire.
You are immune to poison.
Your flesh is cold resistant. (rC+)
You are immune to negative energy. (rN+++)
You are immune to unholy pain and torment.
You can survive without breathing.


Message History

A hobgoblin comes into view. It is wielding a +0 club.
The hobgoblin shouts!
The kobold barely misses you.
You closely miss the kobold. The kobold hits you with a +0 whip.
You barely miss the kobold. The kobold barely misses you.
You barely miss the kobold.
A leopard gecko comes into view.
The kobold completely misses you.
You hit the kobold but do no damage. The kobold hits you with a +0 whip!
* * * LOW HITPOINT WARNING * * *
You see here a stone.
Casting: Magic Dart (safe; 9% risk of failure)
Confirm with . or Enter, or press ? or * to list all spells.
Aiming: Magic Dart (safe; 9% risk of failure)
Press: ? - help, Shift-Dir - straight line, f - kobold
Aim: a kobold, wielding a +0 whip The magic dart hits the kobold.
The kobold is severely wounded.
The kobold hits you with a +0 whip.
You die...

.... #.# #.#..#.# .....
#.# #.####.# .K.$.
#.##### #....#.#
......#.....# ##.....##
.....g#####.#####.......
..l...gK# #.........†###
#l# #..........'.. #K#
#..........### #@#
#........###
#.###........#
#.....############
####### #..... #.....
#..... #..... #.....
#.....


You could see a hobgoblin, 2 kobolds and a frilled lizard.

Vanquished Creatures
  An ooze (D:1)
  A giant cockroach (D:1)
  3 bats (D:1)
  2 frilled lizards (D:1)
  A kobold (D:1)
  A rat (D:1)
9 creatures vanquished.

Notes
Turn   | Place    | Note
-------+----------+-------------------------------------------
     0 | D:1      | DerDa the Mummy Wizard began the quest for the Orb.
     0 | D:1      | Reached XP level 1. HP: 13/13 MP: 5/5
   107 | D:1      | Reached skill level 1 in Conjurations
   293 | D:1      | Reached XP level 2. HP: 19/19 MP: 5/7
   584 | D:1      | Slain by a kobold

Illustrated notes

Levels and vault maps discovered:
D:1:      sevenhm_arrival_forest_fort_large_2, layout_basic, minmay_bisected

Skill      XL: |  1 |
---------------+----+-----
Conjurations   | 1 |  1.3
Dodging        | |  1.5
Stealth        | |  1.5
Spellcasting   | |  4.4
Summonings     | |  0.7
Translocations | |  0.7

Action                   || total
-------------------------++-------
Melee: Short sword       ||    14
 Cast: Magic Dart        ||    21
Armor: Robe              ||     5
Dodge: Dodged            ||    18
